 Dungeon Sprint DCSS version 0.19-a0-1682-g5114f93 (webtiles) character file.

1436 George the Carver (level 8, -6/124 HPs)
             Began as a Minotaur Berserker on Sept 24, 2016.
             Was a High Priest of Trog.
             Mangled by a centaur warrior (10 damage)
             ... in the Dungeon (Sprint IX: "|||||||||||||||||||||||||||||").
             The game lasted 00:01:57 (278 turns).

George the Carver (Minotaur Berserker)               Turns: 278, Time: 00:01:58

Health: -6/124     AC: 14    Str: 26    XL:     8   Next: 45%
Magic:  7/7        EV: 19    Int:  4    God:    Trog [*****.]
Gold:   0          SH:  0    Dex: 16    Spells: 0 memorised, 7 levels left

rFire  . . .     SeeInvis .     n - +2 scimitar (flame)
rCold  . . .     Gourm    .     o - +2 ring mail
rNeg   . . .     Faith    .     (no shield)
rPois  .         Spirit   .     (helmet restricted)
rElec  .         Dismiss  .     (no cloak)
rCorr  .         Reflect  .     a - +0 pair of gloves
MR     ++...     Harm     .     (no boots)
Stlth  .......... NoTele   +    (no amulet)
                                p - +3 ring of dexterity
                                b - +2 ring of protection

@: berserking (expiring), regenerating, very quick
A: retaliatory headbutt, horns 2
a: Berserk, Trog's Hand, Brothers in Arms, Burn Spellbooks, Renounce Religion


You were in the Dungeon.
You worshipped Trog.
Trog was extremely pleased with you.
You were hungry.

You visited 1 branch

Inventory:

Hand Weapons
 n - a +2 scimitar of flaming (weapon)
Armour
 a - a +0 pair of gloves (worn)
 o - a +2 ring mail (worn)
Jewellery
 b - a +2 ring of protection (left hand)
 p - a +3 ring of dexterity (right hand)
Wands
 m - a wand of acid (7/15)
Scrolls
 i - 2 scrolls of blinking
 l - 3 scrolls of remove curse
Potions
 d - 5 potions of curing
 e - 3 potions of heal wounds
 f - a potion of haste
 g - 4 potions of magic
 h - a potion of berserk rage
 k - a potion of invisibility
Comestibles
 c - a bread ration
 j - a chunk of flesh


   Skills:
 + Level 11.7 Fighting
 + Level 11.7 Long Blades
 + Level 11.4 Armour
 + Level 10.7 Dodging


You had 7 spell levels left.
You didn't know any spells.

Dungeon Overview and Level Annotations

Branches:
Dungeon (1/1)

Altars:
Cheibriados
Dithmenos
Elyvilon
Fedhas
Gozag
Hepliaklqana
Kikubaaqudgha
Makhleb
Nemelex Xobeh
Okawaru
Qazlal
Ru
Sif Muna
Trog
Uskayaw
Vehumet
Xom
Yredelemnul
Zin
The Shining One
Beogh
Jiyva
Lugonu


Innate Abilities, Weirdness & Mutations

You reflexively headbutt those who attack you in melee.
You have a pair of horns on your head.


Message History

The fireball engulfs the efreet.
The efreet completely resists.
You slash the efreet! Your headbutt misses the efreet.
The efreet is severely wounded.
You barely miss the efreet. You headbutt the efreet.
The efreet is severely wounded.
The efreet gestures at you. The bolt of fire hits you!
* * * LOW HITPOINT WARNING * * *
You hit the efreet but do no damage.
The efreet is severely wounded.
You hit the efreet. You headbutt the efreet.
You feel the power of Trog in you as your rage grows.
You kill the efreet!
Trog accepts your kill.
Your Armour skill increases to level 11!
Unknown command.
Unknown command.
Unknown command.
The centaur warrior hits you!
You die...

▓+▓
▓.▓
▓.▓
▓o▓
▓c▓
▓@▓
▓.▓
▓†▓
▓.▓
▓.▓
▓.▓
▓.▓
▓)▓
▓†▓


You could see a centaur warrior and an orc warrior.

Vanquished Creatures
  An unseen horror (D)
  A hill giant (D)
  An efreet (D)
  A yak (D)
  A vampire mosquito (D)
  A scorpion (D)
  2 crimson imps (D)
  A jelly (D)
  An adder skeleton (D)
  2 orcs (D)
  A bat (D)
  A bat skeleton (D)
  A bat zombie (D)
  3 goblins (D)
  A quokka (D)
  A kobold (D)
20 creatures vanquished.

Notes
Turn   | Place    | Note
-------+----------+-------------------------------------------
     0 | D        | George the Minotaur Berserker began the quest for the Orb.
     0 | D        | Reached XP level 1. HP: 19/19 MP: 0/0
     9 | D        | Reached ** piety under Trog
    22 | D        | Banished a spatial maelstrom
    72 | D        | Noticed a jelly
    72 | D        | Noticed a crimson imp
    74 | D        | Killed a crimson imp
    74 | D        | Reached skill level 5 in Fighting
    74 | D        | Reached skill level 5 in Long Blades
    74 | D        | Reached XP level 2. HP: 29/29 MP: 1/1
    74 | D        | Reached XP level 3. HP: 36/36 MP: 2/2
    76 | D        | Reached *** piety under Trog
    76 | D        | Reached skill level 5 in Armour
    76 | D        | Reached XP level 4. HP: 44/44 MP: 3/3
    81 | D        | Reached skill level 5 in Dodging
    91 | D        | Found a roughly hewn altar of Beogh.
    91 | D        | Found a snail-covered altar of Cheibriados.
    91 | D        | Found a shadowy altar of Dithmenos.
    91 | D        | Found a white marble altar of Elyvilon.
    91 | D        | Found a blossoming altar of Fedhas.
    91 | D        | Found an opulent altar of Gozag.
    92 | D        | Found a hazy altar of Hepliaklqana.
    93 | D        | Found a viscous altar of Jiyva.
    94 | D        | Found an ancient bone altar of Kikubaaqudgha.
    95 | D        | Found a corrupted altar of Lugonu.
    96 | D        | Found a burning altar of Makhleb.
    97 | D        | Found a sparkling altar of Nemelex Xobeh.
    98 | D        | Found an iron altar of Okawaru.
    99 | D        | Found a stormy altar of Qazlal.
   100 | D        | Found a sacrificial altar of Ru.
   101 | D        | Found a deep blue altar of Sif Muna.
   102 | D        | Found a bloodstained altar of Trog.
   103 | D        | Found a hide-covered altar of Uskayaw.
   104 | D        | Found a radiant altar of Vehumet.
   105 | D        | Found a shimmering altar of Xom.
   106 | D        | Found a basalt altar of Yredelemnul.
   107 | D        | Found a glowing silver altar of Zin.
   108 | D        | Found a glowing golden altar of the Shining One.
   156 | D        | Noticed a hill giant
   166 | D        | Killed a hill giant
   166 | D        | Reached **** piety under Trog
   166 | D        | Reached XP level 5. HP: 57/57 MP: 4/4
   166 | D        | Reached XP level 6. HP: 64/64 MP: 5/5
   168 | D        | Reached XP level 7. HP: 71/71 MP: 6/6
   259 | D        | Noticed a centaur warrior
   259 | D        | Noticed an efreet
   259 | D        | Noticed a vampire mosquito
   259 | D        | Noticed a yak
   263 | D        | Killed a yak
   263 | D        | Reached skill level 10 in Fighting
   263 | D        | Reached skill level 10 in Long Blades
   263 | D        | Reached skill level 10 in Armour
   265 | D        | Killed a vampire mosquito
   265 | D        | Reached ***** piety under Trog
   271 | D        | Killed an unseen horror
   271 | D        | Reached skill level 10 in Dodging
   271 | D        | Reached XP level 8. HP: 34/82 MP: 7/7
   275 | D        | HP: 2/123 [efreet/bolt of fire (18)]
   277 | D        | Killed an efreet
   278 | D        | Mangled by a centaur warrior

Vault maps used:
D:        linesprint

Skill      XL: |  1  2  3  4  5  6  7  8 |
---------------+-------------------------+-----
Fighting       | 5 9 11 | 11.7
Armour         | 4 5 9 10 11 | 11.4
Long Blades    | 5 9 11 | 11.7
Dodging        | 4 8 10 | 10.7

Action                   |  1- 3 |  4- 6 |  7- 9 || total
-------------------------+-------+-------+-------++-------
Melee: Falchion          |    11 |     4 |       ||    15
       Headbutt          |     2 |     3 |     5 ||    10
       Scimitar          |       |    10 |    21 ||    31
Invok: Berserk           |     2 |     1 |     1 ||     4
       Trog's Hand       |       |       |     1 ||     1
  Eat: Chunk             |       |       |     1 ||     1
Armor: Animal skin       |     2 |       |       ||     2
       Ring mail         |       |     4 |     5 ||     9
Dodge: Dodged            |     5 |     2 |     6 ||    13
